 Dungeon Sprint DCSS version 0.23.2-40-g277498a001 (webtiles) character file.

Game seed: 11577919937990146486

961 Nivan the Protected (level 7, -2/73 HPs)
             Began as a Minotaur Fighter on Sept 26, 2019.
             Was an Initiate of Okawaru.
             Killed from afar by a ynoxinul (14 damage)
             ... with an iron shot
             ... summoned by a kobold demonologist
             ... in the Dungeon (Sprint I: "Red Sonja") on Sept 27, 2019.
             The game lasted 00:12:54 (696 turns).

Nivan the Protected (Minotaur Fighter)               Turns: 696, Time: 00:12:55

Health: -2/73      AC:  9    Str: 22    XL:     7   Next: 92%
Magic:  6/6        EV: 12    Int:  5    God:    Okawaru [......]
Gold:   349        SH: 12    Dex: 10    Spells: 6/6 levels left

rFire    . . .     SeeInvis .   a - +0 war axe
rCold    . . .     Gourm    .   c - +0 shield
rNeg     . . .     Faith    .   b - +0 scale mail
rPois    .         Spirit   .   (helmet restricted)
rElec    .         Reflect  .   (no cloak)
rCorr    .         Harm     .   (no gloves)
MR       .....     NoTele   +   (no boots)
Stlth    ..........             (no amulet)
HPRegen  0.22/turn              r - +2 ring of evasion
MPRegen  0.10/turn              (no ring)

@: no status effects
A: retaliatory headbutt, horns 2
a: Renounce Religion


You were in the Dungeon.
You worshipped Okawaru.
Okawaru was noncommittal.
You were not hungry.

You visited 1 branch You collected 459 gold pieces.
You spent 110 gold pieces at shops.

Inventory:

Hand Weapons
 a - a +0 war axe (weapon)
 n - a +0 scythe
Armour
 b - a +0 scale mail (worn)
 c - a +0 shield (worn)
 m - a +0 leather armour
 o - a +0 robe
 p - the +0 leather armour of Tenacity {Int+5 Stlth+, unknown}
   (You found it in the Dungeon)

   It affects your intelligence (+5).
   It makes you more stealthy.
Jewellery
 r - a +2 ring of evasion (left hand)
Scrolls
 k - a scroll of blinking
 s - a scroll of identify {unknown}
Potions
 d - a potion of might
 e - a potion of curing
 g - a potion of heal wounds
 h - a potion of haste
 i - 2 potions of magic
 j - a potion of berserk rage
Comestibles
 f - a ration
 q - 4 chunks of flesh


   Skills:
 + Level 10.5 Fighting
 + Level 10.1 Axes
 + Level 11.9 Armour
 + Level 2.3 Dodging
 + Level 10.4 Shields


You had 6 spell levels left.
You didn't know any spells.
Your spell library was empty.

Dungeon Overview and Level Annotations

Branches:
Dungeon (1/1)

Altars:
Cheibriados
Dithmenos
Elyvilon
Fedhas
Gozag
Hepliaklqana
Kikubaaqudgha
Makhleb
Nemelex Xobeh
Okawaru
Qazlal
Ru
Sif Muna
Trog
Uskayaw
Vehumet
Wu Jian
Xom
Yredelemnul
Zin
The Shining One
Jiyva
Lugonu

Shops:
D =


Innate Abilities, Weirdness & Mutations

You reflexively headbutt those who attack you in melee.
You have a pair of horns on your head.


Message History

The kobold demonologist barely misses you.
You furiously retaliate!
You headbutt the kobold demonologist, but do no damage.
The ufetubus misses you. You furiously retaliate!
You headbutt the ufetubus. You block the ufetubus's attack.
You closely miss the kobold demonologist.
The kobold demonologist is almost dead.
You closely miss the ufetubus. You barely miss the ynoxinul.
You closely miss the sun demon. You block the sun demon's attack.
You block the ufetubus's attack. x2
The kobold demonologist hits you but does no damage.
The ynoxinul gestures at you. The iron shot hits you!!! The sun demon hits you!
* * * LOW HITPOINT WARNING * * *
You are engulfed in flames!
* * * LOW HITPOINT WARNING * * *
You feel better. The ufetubus barely misses you. x2
The ynoxinul gestures at you. The iron shot hits you!
You die...

#####################
.)..#..'..#__#.5@K..#
.#..'..#..'..'.3#3..#
###'#####'#__####...+
##..#...#.#### ####
_####..##.#
____##'#_.+
.∩...÷..._#
..__##_.#'#
____###+#.#


You could see a sun demon, a kobold demonologist, a ynoxinul and an ufetubus.

Vanquished Creatures
  A kobold demonologist (D)
  A slime creature (D)
  Sigmund (D)
  A yak (D)
  A floating eye (D)
  An ogre (D)
  A jelly (D)
  Ijyb (D)
8 creatures vanquished.

Notes
Turn   | Place    | Note
-------+----------+-------------------------------------------
     0 | D        | Nivan the Minotaur Fighter began the quest for the Orb.
     0 | D        | Reached XP level 1. HP: 19/19 MP: 0/0
     2 | D        | Noticed Ijyb
    14 | D        | Killed Ijyb
    14 | D        | Reached skill level 5 in Armour
    14 | D        | Reached skill level 5 in Shields
    14 | D        | Reached XP level 2. HP: 20/28 MP: 1/1
    22 | D        | Noticed an ogre
    30 | D        | Killed an ogre
    30 | D        | Reached skill level 7 in Armour
    30 | D        | Reached XP level 3. HP: 11/38 MP: 2/2
    30 | D        | Reached XP level 4. HP: 13/45 MP: 3/3
   243 | D        | Noticed Sigmund
   252 | D        | Killed Sigmund
   252 | D        | Reached skill level 9 in Armour
   252 | D        | Reached XP level 5. HP: 41/55 MP: 4/4
   252 | D        | Reached XP level 6. HP: 47/62 MP: 5/5
   270 | D        | Found a burning altar of Makhleb.
   270 | D        | Found a viscous altar of Jiyva.
   270 | D        | Found a shimmering altar of Xom.
   270 | D        | Found a corrupted altar of Lugonu.
   270 | D        | Noticed a slime creature
   278 | D        | Killed a slime creature
   278 | D        | Reached skill level 10 in Armour
   278 | D        | Reached skill level 1 in Dodging
   528 | D        | Found an ornate altar of the Wu Jian Council.
   528 | D        | Found a deep blue altar of Sif Muna.
   530 | D        | Found a radiant altar of Vehumet.
   537 | D        | Got a blackened leather armour
   564 | D        | Found Xedi's Jewellery Emporium.
   564 | D        | Found an ancient bone altar of Kikubaaqudgha.
   564 | D        | Found a hazy altar of Hepliaklqana.
   564 | D        | Found a stormy altar of Qazlal.
   564 | D        | Found a hide-covered altar of Uskayaw.
   564 | D        | Found a blossoming altar of Fedhas.
   564 | D        | Found a bloodstained altar of Trog.
   564 | D        | Found an iron altar of Okawaru.
   564 | D        | Found a basalt altar of Yredelemnul.
   564 | D        | Found a glowing golden altar of the Shining One.
   564 | D        | Found a snail-covered altar of Cheibriados.
   564 | D        | Found a sacrificial altar of Ru.
   564 | D        | Found a glowing silver altar of Zin.
   564 | D        | Found a shadowy altar of Dithmenos.
   564 | D        | Found a white marble altar of Elyvilon.
   564 | D        | Noticed a yak
   569 | D        | Killed a yak
   569 | D        | Reached skill level 11 in Armour
   569 | D        | Reached XP level 7. HP: 61/71 MP: 6/6
   570 | D        | Found an opulent altar of Gozag.
   573 | D        | Found a sparkling altar of Nemelex Xobeh.
   597 | D        | Became a worshipper of Warmaster Okawaru
   600 | D        | Bought a +2 ring of evasion for 110 gold pieces
   682 | D        | Noticed a kobold demonologist
   682 | D        | Noticed a kobold demonologist
   685 | D        | Reached skill level 10 in Fighting
   685 | D        | Reached skill level 10 in Shields
   687 | D        | Noticed a ynoxinul
   688 | D        | Noticed a sun demon
   693 | D        | Killed a kobold demonologist
   693 | D        | Reached skill level 10 in Axes
   695 | D        | HP: 3/73 [sun demon[a kobold demonologist] (15)]
   696 | D        | Killed from afar by a ynoxinul

Skill      XL: |  1  2  3  4  5  6  7 |
---------------+----------------------+-----
Fighting       | 4 6 8 9 10 | 10.5
Axes           | 3 4 6 8 10 | 10.1
Armour         | 5 7 9 11 | 11.9
Shields        | 5 6 8 9 10 | 10.4
Dodging        | 1 2 |  2.3

Action                   |  1- 3 |  4- 6 |  7- 9 || total
-------------------------+-------+-------+-------++-------
Melee: War axe           |    17 |    22 |    12 ||    51
       Headbutt          |     1 |     7 |     2 ||    10
Evoke: Wand              |       |       |     1 ||     1
  Use: Potion            |       |       |     1 ||     1
Armor: Scale mail        |     3 |     6 |    14 ||    23
Dodge: Dodged            |     3 |     1 |    13 ||    17
Block: Shield            |     7 |     4 |    15 ||    26
